 Dungeon Crawl Stone Soup version 0.24-a0-235-g3f03afc (webtiles) character file.

Game seed: 118195476549914233

12 alfred1011 the Sneak (level 2, -1/26 HPs)
             Began as a Naga Wanderer on Apr 6, 2019.
             Slain by an adder (2 damage)
             ... on level 1 of the Dungeon.
             The game lasted 00:06:51 (1187 turns).

alfred1011 the Sneak (Naga Wanderer)                Turns: 1187, Time: 00:06:52

Health: -1/26      AC:  2    Str: 15    XL:     2   Next: 33%
Magic:  3/3        EV:  8    Int: 10    God:
Gold:   22         SH:  3    Dex: 11    Spells: 2/3 levels left

rFire    . . .     SeeInvis +   a - +2 short sword
rCold    . . .     Gourm    .   h - +0 buckler
rNeg     . . .     Faith    .   o - +0 leather armour
rPois    +         Spirit   .   (no helmet)
rElec    .         Reflect  .   (no cloak)
rCorr    .         Harm     .   (no gloves)
MR       .....                  (no barding)
Stlth    ++........             (no amulet)
HPRegen  0.08/turn              (no ring)
MPRegen  0.08/turn              (no ring)

@: very slow
A: large, see invisible, deformed body, poison resistance, slowness 2, slow
metabolism 1, spit poison 1, AC +0
a: Spit Poison


You were on level 1 of the Dungeon.
You were not hungry.

You visited 1 branch of the dungeon, and saw 2 of its levels.

You collected 22 gold pieces.

Inventory:

Hand Weapons
 a - a +2 short sword (weapon)
Missiles
 c - 33 sling bullets
 j - 16 stones (quivered)
Armour
 h - a +0 buckler (worn)
 o - a +0 leather armour (worn)
Jewellery
 n - a +5 ring of strength {unknown}
Scrolls
 i - a scroll of teleportation {unknown}
 k - a scroll of fog {unknown}
 l - a scroll of enchant armour {unknown}
 m - a scroll of identify {unknown}
Potions
 g - a potion of brilliance {unknown}
Comestibles
 f - 6 rations


   Skills:
 - Level 2.0 Fighting
 - Level 1.2 Short Blades
 - Level 0.4 Armour
 * Level 4.6 Stealth
 + Level 0.4 Shields
 - Level 1.1 Spellcasting
 - Level 2.9 Poison Magic
   Level 1.0 Evocations


You had 2 spell levels left.
You knew the following spells:

 Your Spells              Type           Power        Failure   Level  Hunger
a - Sting                 Conj/Pois      #...         36%         1    ##.....

Your spell library contained the following spells:

 Spells                   Type           Power        Failure   Level  Hunger
 Spider Form              Tmut/Pois      #.........   73%         3    ####...


Dungeon Overview and Level Annotations

Branches:
Dungeon (2/15)

Altars:


Innate Abilities, Weirdness & Mutations

You cannot wear boots.
Your serpentine skin is tough. (AC +0)
You have supernaturally acute eyesight. (SInv)
Armour fits poorly on your strangely shaped body.
Your system is resistant to poisons. (rPois)
You cover ground very slowly.
You have a slow metabolism.
You can spit poison.


Message History

The adder barely misses you. The kobold hits you.
You barely miss the adder.
The adder is lightly wounded.
The adder barely misses you. The kobold hits you.
* * * LOW HITPOINT WARNING * * *
The adder completely misses you.
You barely miss the adder.
The adder is lightly wounded.
The kobold barely misses you. The adder bites you.
* * * LOW HITPOINT WARNING * * *
You barely miss the adder.
The adder is lightly wounded.
The adder bites you but does no damage. The kobold hits you.
* * * LOW HITPOINT WARNING * * *
You barely miss the adder.
The adder is lightly wounded.
The adder barely misses you. The kobold hits you but does no damage.
The adder barely misses you.
You closely miss the kobold. The kobold barely misses you. The adder bites you.
You die...

.....# #........# #.###########
####.# #........# #............
#
##'####>.......###############.
# #....##[.......'....#.....#
#. #
#....##........####.##.##.# #.
# #....###########
#.##.##.####. # #....#
#.##.##.#.... # #....#
########.##.##.#.### ###....#
#.S@K....#...#...... .....###
#.########.#####.... ######
#................... ...######
#......###.######### .8.##...#
##.#........#.....## ...##...#
#.#.########.###.##
#.###...##### #.#..........#
#.## #.#
#.......###.#.....###### #.##
#.###.......'............# #.##


You could see an adder and a kobold.

Vanquished Creatures
  A dart slug (D:1)
  A goblin (D:1)
  2 hobgoblins (D:1)
  A ball python (D:1)
  4 bats (D:1)
  2 rats (D:1)
11 creatures vanquished.

Notes
Turn   | Place    | Note
-------+----------+-------------------------------------------
     0 | D:1      | alfred1011 the Naga Wanderer began the quest for the Orb.
     0 | D:1      | alfred1011 set off with the following items: a +2 short
                  | sword, a +0 quarterstaff, a +0 robe, a +0 dagger, a ration;
                  | and the following spell memorised: Sting; and the following
                  | spells available to memorise: Spider Form
     0 | D:1      | Reached XP level 1. HP: 19/19 MP: 2/2
   511 | D:1      | Reached XP level 2. HP: 26/26 MP: 3/3
  1185 | D:1      | HP: 1/26 [kobold (3)]
  1187 | D:1      | Slain by an adder

Levels and vault maps discovered:
D:1:      minmay_arrival_nine_rooms, layout_basic, serial_park_tiny_pond
D:2:      layout_rooms, kennysheep_donut, uniq_terence

Action                   || total
-------------------------++-------
Melee: Short sword       ||    33
 Abil: Spit Poison       ||     1
 Stab: Sleeping          ||     3
Armor: Leather armour    ||     3
       Robe              ||     1
Dodge: Dodged            ||    24
Block: Buckler           ||     4

Table legend:
 A = Non-vault XP
 B = Vault XP
 C = Vault XP percentage of total XP
 D = Non-vault monster count
 E = Vault monster count
 F = Vault count percentage of total count
                 A         B        C        D         E       F
            +---------+---------+-------+---------+---------+-------
      Total |      18 |       0 |   0.0 |      11 |       0 |   0.0
            +---------+---------+-------+---------+---------+-------
        D:1 |      18 |       0 |   0.0 |      11 |       0 |   0.0
            +---------+---------+-------+---------+---------+-------
